AoeStats
← beaubrent

Arena

506622380Analyzed
1v1 RM · 17d ago on Sep 14, 2026· 51m 9s· 2 players
Game mode
Random Map
Map size
Tiny (2 player)
Population
200
Speed
Normal
Resources
Standard
Victory
Conquest
Starting age
Dark Age
Ending age
Imperial Age
RankedLock teamsTeams togetherTeam positionsShared explorationLock speedFull tech treeHidden civsTurbo modeCheats
Victory
Defeat
🇨🇳 Khmer · China
408
+12
🇧🇪 Japanese · Belgium
328
-12
beaubrent
2:54 Loom
12:14 Feudal Age
12:44 Double-Bit Axe
12:44 Horse Collar
13:22 Man-at-Arms
15:30 Gold Mining
22:02 Castle Age
21:16 Forging
21:22 Fletching
22:00 Scale Mail Armor
23:02 Pikeman
23:38 Gambesons
24:55 Squires
26:17 Stone Mining
29:44 Iron Casting
29:25 Chain Mail Armor
29:11 Padded Archer Armor
29:11 Bodkin Arrow
28:43 Elite Skirmisher
32:15 Bow Saw
32:41 Heavy Plow
37:26 Imperial Age
35:47 Thumb Ring
37:27 Halberdier
39:14 Two-Man Saw
39:27 Blast Furnace
41:13 Kataparuto
41:48 Plate Mail Armor
42:23 Gold Shaft Mining
42:25 Elite Samurai
45:04 Chemistry
44:39 Leather Archer Armor
45:25 Ballistics
49:20 Fortified Wall
terrykingsir
11:25 Feudal Age
12:59 Wheelbarrow
12:12 Town Watch
12:13 Loom
12:36 Double-Bit Axe
12:34 Horse Collar
15:45 Gold Mining
19:29 Castle Age
18:13 Bloodlines
19:46 Forging
20:01 Light Cavalry
21:06 Husbandry
21:23 Scale Barding Armor
24:14 Hand Cart
28:04 Gold Shaft Mining
28:03 Husbandry
32:10 Chain Barding Armor
32:27 Iron Casting
31:54 Fletching
34:18 Town Patrol
36:54 Imperial Age
34:34 Town Patrol
34:45 Stone Mining
35:01 Bodkin Arrow
35:31 Ballistics
35:35 Masonry
38:24 Conscription
38:19 Hussar
39:38 Plate Barding Armor
40:27 Stone Shaft Mining
40:27 Double Crossbow
42:18 Blast Furnace
42:59 Chemistry
42:22 Heavy Scorpion
44:00 Bow Saw
44:08 Bracer
Connection lost

Rejoining the realm…

Still unreachable

The connection could not be restored.

Session expired

The server has moved on; the page needs a fresh start.